 Dungeon Crawl Stone Soup version 0.16.1-28-gcc2312f (webtiles) character file.

161 Dustman the Skirmisher (level 5, 0/41 HPs)
             Began as a Human Wanderer on May 26, 2015.
             Was a Believer of Nemelex Xobeh.
             Slain by a gnoll (4 damage)
             ... on level 3 of the Dungeon.
             The game lasted 00:30:01 (2340 turns).

Dustman the Skirmisher (Human Wanderer)             Turns: 2340, Time: 00:30:01

Health: 0/41       AC:  1    Str: 13    XL:     5   Next: 70%
Magic:  9/9        EV: 13    Int: 11    God:    Nemelex Xobeh [**....]
Gold:   135        SH:  0    Dex: 19    Spells: 1 memorised, 7 levels left

rFire  . . .     SeeInvis .     l - +4 whip
rCold  . . .     Clarity  .     s - -2 robe (curse)
rNeg   . . .     SustAb   .     (no shield)
rPois  .         Gourm    .     (no helmet)
rElec  .         Spirit   .     i - +0 cloak
rCorr  .         Warding  .     (no gloves)
rMut   .         Stasis   .     (no boots)
MR     .....                    (no amulet)
Stlth  ++........               g - +5 ring of dexterity
                                u - ring of wizardry (curse)

@: not resistant to hostile enchantments, unstealthy
A: no striking features
a: Renounce Religion


You were on level 3 of the Dungeon.
You worshipped Nemelex Xobeh.
Nemelex Xobeh was pleased with you.
You were not hungry.

You visited 1 branch of the dungeon, and saw 4 of its levels.

You collected 135 gold pieces.

Inventory:

Hand weapons
 l - a +4 whip (weapon)
Armour
 d - a +0 robe
 e - a +0 ring mail
 i - a +0 cloak (worn)
 s - a cursed -2 robe (worn)
Jewellery
 g - a +5 ring of dexterity (right hand)
 m - a +1 ring of protection
 u - a cursed ring of wizardry (left hand)
Magical devices
 r - a wand of confusion (6)
Scrolls
 p - a scroll of immolation {unknown}
Potions
 h - 4 potions of resistance
 j - a potion of brilliance {unknown}
 o - a potion of might {unknown}
Books
 a - a book of Minor Magic

   Spells                             Type                      Level
   a - Magic Dart                     Conjuration                  1
   b - Blink                          Translocation                2
   c - Call Imp                       Summoning                    2
   d - Repel Missiles                 Charms/Air                   2
   e - Slow                           Hexes                        2
   f - Conjure Flame                  Conjuration/Fire             3
   g - Mephitic Cloud                 Conjuration/Poison/Air       3
 b - Tuskis' Papyrus of Self-Knowledge and Weightlessness

   Spells                             Type                      Level
   a - Repel Missiles                 Charms/Air                   2
   b - Swiftness                      Charms/Air                   2
Miscellaneous
 k - a plain deck of war {drawn: 3}
 t - a plain deck of destruction {drawn: 7}
Comestibles
 f - 6 bread rations
 n - a meat ration


   Skills:
 + Level 3.2 Fighting
   Level 1.0(2.0) Axes
 + Level 2.6(2.8) Maces & Flails
 - Level 1.0 Armour
 + Level 2.3 Dodging
   Level 1.0 Shields
 - Level 2.0 Spellcasting
 - Level 3.0 Conjurations
 - Level 1.0 Evocations


You had 7 spell levels left.
You knew the following spells:

 Your Spells              Type           Power        Failure   Level  Hunger
a - Magic Dart            Conj           #...         4%          1    ##.....


Dungeon Overview and Level Annotations

Branches:
Dungeon (4/15)
 Temple: D:4-7

Altars:
Dithmenos
Nemelex Xobeh
Xom


Message History

There is a stone staircase leading up here.
The gnoll misses you.
You climb upwards.
There is a stone staircase leading down here.
Evoke which item? (* to show all) (? for menu, Esc to quit)
You draw a card...
It is Pain.
You have drawn Pain.
Press: ? - help, Shift-Dir - straight line, f - gnoll
Aim: a gnoll The gnoll convulses in agony!
The gnoll completely misses you.
Evoke which item? (* to show all) (? for menu, Esc to quit)
Zapping:
r - a wand of confusion {zapped: 16} (will waste charges)
Press: ? - help, Shift-Dir - straight line, f/p - gnoll
Aim: a gnoll (heavily wounded, chance 56%)
The gnoll resists with significant effort.
Evoking this partially-identified wand wasted a few charges.
The gnoll hits you.
You die...
Your body disappears without a glow.

...#
#........##############
#### #........#
#........# #....>...#
#........# #........#
#####.####
#.#############
#...g@........#
#############.#
#......# #.###### #.#
#.# #.# #.# #.#


You could see a gnoll.

Vanquished Creatures
  Jessica (D:3)
  3 adders
  2 gnolls (D:4)
  A worm (D:2)
  4 giant geckos
  3 giant cockroaches
  7 hobgoblins
  4 jackals (D:2)
  8 bats
  A giant newt (D:1)
  5 goblins
  7 kobolds
  A quokka (D:2)
  13 rats
  2 butterflies (D:3)
62 creatures vanquished.

Vanquished Creatures (collateral kills)
  2 adders
  2 gnolls (D:4)
  2 worms (D:2)
  A giant gecko (D:3)
  A giant cockroach (D:2)
  A goblin (D:2)
  2 kobolds
11 creatures vanquished.

Vanquished Creatures (others)
  2 centaurs (D:4)
2 creatures vanquished.

Grand Total: 75 creatures vanquished

Notes
Turn   | Place    | Note
--------------------------------------------------------------
     0 | D:1      | Dustman, the Human Wanderer, began the quest for the Orb.
     0 | D:1      | Dustman set off with: a book of Minor Magic, Tuskis' Papyrus of Self-Knowledge and Weightlessness, a potion of curing, a +0 robe, a +0 club, a bread ration
     0 | D:1      | Reached XP level 1. HP: 15/15 MP: 3/3
     2 | D:1      | Learned a level 1 spell: Magic Dart
   179 | D:1      | Found a sparkling altar of Nemelex Xobeh.
   184 | D:1      | Became a worshipper of Nemelex Xobeh the Trickster
   313 | D:1      | Reached XP level 2. HP: 15/22 MP: 4/4
   343 | D:1      | Received a gift from Nemelex Xobeh
   676 | D:1      | Identified Tuskis' Papyrus of Self-Knowledge and Weightlessness
   753 | D:2      | Reached skill level 1 in Maces & Flails
   753 | D:2      | Reached XP level 3. HP: 27/27 MP: 1/6
   899 | D:2      | Reached skill level 1 in Dodging
   925 | D:2      | Received a gift from Nemelex Xobeh
  1017 | D:2      | Reached XP level 4. HP: 32/34 MP: 5/7
  1573 | D:3      | XOM: noise
  1592 | D:3      | Found a shadowy altar of Dithmenos.
  1604 | D:3      | Reached XP level 5. HP: 40/40 MP: 9/9
  1624 | D:3      | Found a shimmering altar of Xom.
  1659 | D:3      | Noticed Jessica
  1688 | D:3      | Killed Jessica
  1910 | D:3      | Received a gift from Nemelex Xobeh
  2310 | D:4      | Noticed a swamp drake
  2310 | D:4      | a gnoll shaman changed into a swamp drake
  2340 | D:3      | Slain by a gnoll

Action                   |  1- 3 |  4- 6 || total
-------------------------+-------+-------++-------
Melee: Whip              |    94 |    99 ||   193
       Club              |     9 |       ||     9
 Cast: Magic Dart        |    29 |    11 ||    40
Evoke: Deck              |     3 |    12 ||    15
       Wand              |       |     2 ||     2
  Use: Potion            |     1 |     1 ||     2
       Scroll            |     1 |     2 ||     3
 Stab: Confused          |       |     1 ||     1
       Sleeping          |       |     1 ||     1
  Eat: Chunk             |     1 |     6 ||     7
